 Dungeon Crawl Stone Soup version 0.17-a0-910-ga669010 (webtiles) character file.

930 hornqvist the Shield-Bearer (level 8, 0/58 HPs)
             Began as a Formicid Fighter on May 2, 2015.
             Was an Initiate of Gozag.
             Slain by a wight
             ... wielding a cursed +0 halberd
              (3 damage)
             ... on level 5 of the Dungeon.
             The game lasted 00:06:12 (5590 turns).

hornqvist the Shield-Bearer (Formicid Fighter)      Turns: 5590, Time: 00:06:13

Health: 0/58       AC:  8    Str: 24 (27) XL:     8   Next: 32%
Magic:  8/8        EV:  9    Int:  9      God:    Gozag
Gold:   262        SH: 10    Dex: 10      Spells: 0 memorised, 7 levels left

rFire  . . .     SeeInvis +     a - +0 war axe
rCold  . . .     Clarity  .     b - +0 scale mail
rNeg   . . .     SustAb   .     c - +0 shield
rPois  .         Gourm    .     (helmet unavailable)
rElec  .         Spirit   .     (no cloak)
rCorr  .         Warding  .     o - +0 pair of gloves
rMut   +         Stasis   +     (no boots)
MR     .....                    x - amulet of resist mutation
Stlth  +.........               y - ring of stealth
                                z - ring of invisibility

@: mighty, heavily drained, not resistant to hostile enchantments, very
unstealthy
A: permanent stasis, dig shafts and tunnels, four strong arms, antennae 3
a: Dig, Shaft Self, Potion Petition, Call Merchant, Bribe Branch, Renounce
Religion, Evoke Invisibility


You were on level 5 of the Dungeon.
You worshipped Gozag.
Gozag was noncommittal.
You were very hungry.

You visited 2 branches of the dungeon, and saw 7 of its levels.

You collected 335 gold pieces.
You paid 73 gold pieces to Gozag.

Inventory:

Hand weapons
 a - a +0 war axe (weapon)
Armour
 b - a +0 scale mail (worn)
 c - a +0 shield (worn)
 o - a +0 pair of gloves (worn)
Jewellery
 t - a +2 ring of intelligence
 x - an amulet of resist mutation (around neck)
 y - a ring of stealth (right hand)
 z - a ring of invisibility (left hand)
Magical devices
 D - a wand of enslavement (14)
Scrolls
 g - a scroll of remove curse {unknown}
 i - 2 scrolls of fog {unknown}
 j - a scroll of recharging {unknown}
 m - 2 scrolls of amnesia {unknown}
 n - a scroll of enchant armour {unknown}
 r - 7 scrolls of identify {unknown}
 s - 2 scrolls of enchant weapon {unknown}
 v - 2 scrolls of magic mapping {unknown}
 w - a scroll of fear {unknown}
 C - a scroll of teleportation {unknown}
Potions
 d - a potion of might
 k - a potion of flight
 l - 3 potions of degeneration
Comestibles
 e - 5 bread rations
 q - 4 meat rations
 u - 2 beef jerkies


   Skills:
 - Level 3.2(1.5) Fighting
 * Level 5.8(4.0) Axes
 + Level 5.7(3.8) Armour
 + Level 3.3(1.6) Dodging
 + Level 5.9(4.1) Shields


You had 7 spell levels left.
You didn't know any spells.

Dungeon Overview and Level Annotations

Branches:
Dungeon (6/15)             Temple (1/1) D:5

Altars:
Ashenzari
Cheibriados
Dithmenos
Elyvilon
Fedhas
Gozag
Kikubaaqudgha
Makhleb
Nemelex Xobeh
Okawaru
Qazlal
Ru
Sif Muna
Trog
Vehumet
Xom
Yredelemnul
Zin
The Shining One


Innate Abilities, Weirdness & Mutations

You are under a permanent stasis effect.
You can dig through walls and to a lower floor.
Your four strong arms can wield two-handed weapons with a shield.
You have a pair of large antennae on your head (SInv).


Message History

Drink which item? (? for menu, Esc to quit)
You feel very mighty all of a sudden.
The wight is no longer distracted by gold.
The wight completely misses you. You block the wight's attack.
You slash the wight!
You destroy the wight!
The wight barely misses you.
You slash the wight!
The wight is distracted by the nearby gold.
The wight hits you from afar with a halberd.
* * * LOW HITPOINT WARNING * * *
You take 5 damage, and have 12/58 hp.
You catch the helpless wight momentarily off-guard.
You slice the wight!!
You destroy the wight!
The wight hits you from afar with a halberd!
* * * LOW HITPOINT WARNING * * *
You feel drained.
You die...
Your body crumbles into a pile of gold.

#.....zz##....#..⌠...⌠..#......
#.............#.........#......
#..........#.......>...........
#..........#z.#.........#......
#..........#..#..⌠...⌠..#......
##..........#...................
#...........#z##.........#...#..
#...........#.$##.##.##.###.....
#...........###@#..#............
#...........###.#.[...#.........
##....................##..#......
............#.##.#.....#..#.#....
##.....#....#..........#..#.#.#..
#.....#....#..#....#..#..#.#.#..
#.....#....#..#....#..#..#.#.#..
#.....####.#..#....#..#..#.#.#..
#.....# #.#..#....#..#..#.#.##+


You could see a wight.

Vanquished Creatures
  A phantom (D:4)
  An ice beast (D:5)
  An ogre (D:5)
  A big kobold (D:4)
  2 wights (D:5)
  5 worker ants
  2 orc wizards
  A gnoll shaman (D:4)
  2 hounds
  Natasha (twice) (D:4)
  A hound skeleton (D:5)
  5 adders
  A river rat (D:4)
  A white imp (D:4)
  2 oozes
  A worm (D:4)
  5 giant geckos
  6 orcs
  2 ball pythons (D:3)
  16 bats
  A bat zombie (D:5)
  13 giant cockroaches
  7 hobgoblins
  6 jackals
  33 kobolds
  2 giant newts (D:4)
  10 goblins
  12 rats
142 creatures vanquished.

Notes
Turn   | Place    | Note
--------------------------------------------------------------
     0 | D:1      | hornqvist, the Formicid Fighter, began the quest for the Orb.
     0 | D:1      | Reached XP level 1. HP: 18/18 MP: 1/1
   122 | D:1      | Reached XP level 2. HP: 24/24 MP: 2/2
   190 | D:1      | Reached skill level 1 in Dodging
   461 | D:1      | Reached XP level 3. HP: 27/29 MP: 3/3
   696 | D:1      | Found a snail-covered altar of Cheibriados.
   996 | D:2      | Reached skill level 4 in Shields
  1052 | D:2      | Reached XP level 4. HP: 24/35 MP: 4/4
  2630 | D:3      | Reached XP level 5. HP: 36/41 MP: 5/5
  3007 | D:4      | Noticed a phantom
  3054 | D:4      | Killed a phantom
  3054 | D:4      | Reached XP level 6. HP: 32/47 MP: 6/6
  3315 | D:4      | Reached skill level 5 in Shields
  3400 | D:4      | Reached XP level 7. HP: 28/52 MP: 7/7
  3535 | D:4      | Noticed Natasha
  3553 | D:4      | Killed Natasha
  3582 | D:4      | Found a glowing drain.
  3776 | D:4      | Reached skill level 5 in Armour
  3993 | D:4      | Noticed Natasha
  3997 | D:4      | Killed Natasha
  4045 | D:5      | Entered Level 5 of the Dungeon
  4061 | D:5      | Found a staircase to the Ecumenical Temple.
  4099 | D:5      | Reached skill level 5 in Axes
  4123 | Temple   | Entered the Ecumenical Temple
  4264 | Temple   | Became a worshipper of Gozag Ym Sagoz the Greedy
  4571 | D:5      | Reached XP level 8. HP: 58/58 MP: 8/8
  4701 | D:5      | Found an iron altar of Okawaru.
  4708 | D:5      | Found a deep blue altar of Sif Muna.
  4713 | D:5      | Found a bloodstained altar of Trog.
  4720 | D:5      | Found an ancient bone altar of Kikubaaqudgha.
  4725 | D:5      | Found a shimmering altar of Xom.
  4739 | D:5      | Found a sparkling altar of Nemelex Xobeh.
  4746 | D:5      | Found a white marble altar of Elyvilon.
  4838 | D:5      | Found a glowing golden altar of the Shining One.
  5590 | D:5      | Slain by a wight

Action                   |  1- 3 |  4- 6 |  7- 9 || total
-------------------------+-------+-------+-------++-------
Melee: War axe           |   108 |   196 |   168 ||   472
  Use: Potion            |       |       |     7 ||     7
 Stab: Distracted        |       |       |     1 ||     1
  Eat: Chunk             |     1 |     8 |     2 ||    11
       Royal jelly       |       |       |     1 ||     1
       Fruit             |       |       |     2 ||     2
